 Dungeon Crawl Stone Soup version 0.19-a0-1239-gbb8a913 (webtiles) character file.

402 useraccount the Cutter (level 6, -2/32 HPs)
             Began as a Vine Stalker Fighter on Aug 27, 2016.
             Slain by an ogre
             ... wielding a cursed -3 giant club
              (18 damage)
             ... on level 4 of the Dungeon.
             The game lasted 00:03:17 (2777 turns).

useraccount the Cutter (Vine Stalker Fighter)       Turns: 2777, Time: 00:03:18

Health: -2/32      AC:  9    Str: 21    XL:     6   Next: 85%
Magic:  0/7        EV:  6    Int:  8    God:
Gold:   157        SH: 13    Dex: 13    Spells: 0 memorised, 5 levels left

rFire  . . .     SeeInvis .     a - +0 dagger (venom)
rCold  . . .     Gourm    .     i - +0 chain mail
rNeg   . . .     Faith    .     c - +0 shield
rPois  +         Spirit   +     (no helmet)
rElec  .         Dismiss  .     (no cloak)
rCorr  .         Reflect  +     (no gloves)
MR     .....     Harm     .     (no boots)
Stlth  ..........               b - +4 amulet of reflection
                                (no ring)
                                j - ring of poison resistance

@: no status effects
A: fangs 2, regeneration 1, magic shield, antimagic bite, no device heal 3, rot
immunity
a: no special abilities


You were on level 4 of the Dungeon.
You were not hungry.

You visited 1 branch of the dungeon, and saw 4 of its levels.

You collected 157 gold pieces.

Inventory:

Hand Weapons
 a - a +0 dagger of venom (weapon)
Armour
 c - a +0 shield (worn)
 i - a +0 chain mail (worn)
Jewellery
 b - a +4 amulet of reflection (around neck)
 j - a ring of poison resistance (left hand)
Wands
 r - a wand of confusion (28/48)
Scrolls
 e - a scroll of blinking {unknown}
 l - a scroll of fog {unknown}
 m - a scroll of recharging {unknown}
 n - 2 scrolls of amnesia {unknown}
 o - 2 scrolls of enchant armour {unknown}
 p - a scroll of fear {unknown}
 t - 2 scrolls of teleportation {unknown}
 u - 2 scrolls of noise {unknown}
Potions
 d - a potion of might
 g - a potion of cancellation
 q - 4 potions of agility
Comestibles
 f - 4 bread rations
 h - 4 beef jerkies
 k - a meat ration
 s - a chunk of flesh


   Skills:
 + Level 3.5 Fighting
 * Level 4.1 Short Blades
 + Level 3.4 Armour
 + Level 1.9 Dodging
 + Level 3.5 Shields


You had 5 spell levels left.
You didn't know any spells.

Dungeon Overview and Level Annotations

Branches:
Dungeon (4/15)
 Temple: D:4-7

Altars:


Innate Abilities, Weirdness & Mutations

You have extremely sharp teeth.
Your natural rate of healing is unusually fast.
When hurt, damage is shared between your health and your magic reserves.
Your bite disrupts and absorbs the magic of your enemies.
Potions and wands cannot restore your health.
You are immune to rotting.


Message History

You hit the ogre but do no damage.
The ogre is poisoned.
You bite the ogre, but do no damage. The ogre barely misses you.
You hit the ogre.
The ogre looks as sick as possible!
You bite the ogre. You drain its power.
The ogre is moderately wounded.
You block the ogre's attack.
You hit the ogre. Your bite misses the ogre.
The ogre is heavily wounded.
The ogre hits you with a giant club!!
Ouch! That really hurt!
You hit the ogre but do no damage.
The ogre looks as sick as possible!
The ogre is heavily wounded.
You completely miss the ogre. Your bite misses the ogre.
The ogre is heavily wounded.
You block the ogre's attack.
You hit the ogre.
The ogre looks as sick as possible!
The ogre is severely wounded.
The ogre hits you with a giant club!!
Ouch! That really hurt!
You die...

#.....# #... #.#.####
#.#)######... #......#
#.#.......... #......#
#.########... #......#
#.# #..† #......#
#.#....# #... #......#
#.#....# #### .#.....O#
#.#....######
.?.....@####.#....#.....
.###.##.†..†.#....#.....
#.......#....#.....
#......##....#)....
#......##.#.).)....
#......##..⌠.#)....
#.%....##.#..#.....
#......##...<#.....
#.#################


You could see an ogre.

Vanquished Creatures
  A centaur (D:3)
  A scorpion (D:3)
  2 orc priests (D:3)
  An orc wizard (D:4)
  A worker ant zombie (D:3)
  A gnoll (D:1)
  7 adders
  An ooze (D:3)
  3 worms
  A dart slug (D:2)
  3 giant geckos
  5 orcs
  5 giant cockroaches
  5 hobgoblins
  6 jackals
  7 kobolds
  2 quokkas
  4 ball pythons
  4 bats
  2 giant newts (D:2)
  11 goblins
  5 rats
78 creatures vanquished.

Notes
Turn   | Place    | Note
-------+----------+-------------------------------------------
     0 | D:1      | useraccount the Vine Stalker Fighter began the quest for the Orb.
     0 | D:1      | Reached XP level 1. HP: 11/11 MP: 2/2
   255 | D:1      | Reached skill level 2 in Short Blades
   361 | D:1      | Reached XP level 2. HP: 15/16 MP: 3/3
   839 | D:1      | Reached XP level 3. HP: 19/19 MP: 4/4
  1482 | D:2      | Gained mutation: Your natural rate of healing is unusually fast. [Vine Stalker growth]
  1482 | D:2      | Reached XP level 4. HP: 23/23 MP: 5/5
  1639 | D:2      | Reached skill level 1 in Dodging
  1653 | D:2      | Reached skill level 3 in Short Blades
  1920 | D:3      | Noticed a centaur
  1936 | D:3      | Killed a centaur
  1936 | D:3      | Reached XP level 5. HP: 22/28 MP: 3/6
  2022 | D:3      | Reached XP level 6. HP: 11/32 MP: 3/7
  2508 | D:3      | Reached skill level 4 in Short Blades
  2777 | D:4      | Slain by an ogre

Vault maps used:
D:1:      sevenhm_arrival_forest_fort_large_1, serial_glass, glass_columns_a,
          glass_columns_a
D:2:      first_bread
D:4:      hangedman_feature_mirror

Skill      XL: |  1  2  3  4  5  6 |
---------------+-------------------+-----
Short Blades   | 2 3 4 |  4.1
Fighting       | 3 |  3.5
Dodging        | 1 |  1.9
Armour         | 3 |  3.4
Shields        | 3 |  3.5

Action                   |  1- 3 |  4- 6 || total
-------------------------+-------+-------++-------
Melee: Rapier            |   108 |   104 ||   212
       Bite              |    29 |    63 ||    92
       Dagger            |       |    79 ||    79
  Use: Scroll            |       |     4 ||     4
  Eat: Chunk             |     2 |     4 ||     6
Armor: Chain mail        |    52 |    52 ||   104
       Scale mail        |     1 |       ||     1
Dodge: Dodged            |    17 |    31 ||    48
Block: Shield            |    59 |   114 ||   173
       Reflection        |       |     2 ||     2
